 Dungeon Crawl Stone Soup version 0.26.0-16-gc1dbca0489 (webtiles) character file.

Game seed: 15375445998290502621

126 thiole the Sneak (level 5, -2/32 HPs)
             Began as an Octopode Hedge Wizard on Jan 20, 2021.
             Slain by Natasha (3 damage)
             ... on level 2 of the Dungeon.
             The game lasted 00:03:08 (2368 turns).

thiole the Sneak (Octopode Hedge Wizard)            Turns: 2368, Time: 00:03:09

Health: -2/32      AC:  1    Str:  9    XL:     5   Next: 10%
Magic:  10/11      EV: 13    Int: 18    God:
Gold:   44         SH:  0    Dex: 11    Spells: 6/12 levels left

rFire    . . .     SeeInvis .   a - +0 dagger
rCold    . . .     Faith    .   (no shield)
rNeg     . . .     Spirit   .   b - +0 hat
rPois    .         Reflect  .   (no amulet)
rElec    .         Harm     .   (no ring)
rCorr    .         Rampage  .   (no ring)
Will     .....                  (no ring)
Stlth    +++.......             (no ring)
HPRegen  0.10/turn              (no ring)
MPRegen  0.12/turn              (no ring)
                                (no ring)
                                (no ring)

@: no status effects
A: almost no armour, stealthy swim, amphibious, 8 rings, constrict 8, camouflage
1, gelatinous body 1
a: no special abilities


You were on level 2 of the Dungeon.
You visited 1 branch of the dungeon, and saw 2 of its levels.

You collected 44 gold pieces.

Inventory:

Hand Weapons
 a - a +0 dagger (weapon)
Armour
 b - a +0 hat (worn)
 m - a +0 tower shield
Jewellery
 i - a +6 ring of intelligence {unknown}
 k - a cursed amulet of guardian spirit {unknown}
Scrolls
 d - 2 scrolls of identify {unknown}
 e - a scroll of blinking {unknown}
 h - a scroll of immolation {unknown}
 l - a scroll of fear {unknown}
 n - a scroll of remove curse {unknown}
Potions
 c - a potion of haste {unknown}
 f - a potion of resistance {unknown}
 g - a potion of curing {unknown}
 j - a potion of might {unknown}


   Skills:
 + Level 0.3 Fighting
 - Level 2.0 Dodging
 + Level 4.1 Stealth
 * Level 4.0 Spellcasting
 - Level 2.0 Conjurations
 - Level 2.0 Summonings
 + Level 1.3 Translocations
 + Level 0.2 Air Magic


You had 6 spell levels left.
You knew the following spells:

 Your Spells              Type           Power        Failure   Level
a - Magic Dart            Conj           40%          6%          1
b - Call Imp              Summ           10%          10%         2
c - Mephitic Cloud        Conj/Pois/Air  6%           32%         3

Your spell library contained the following spells:

 Spells                   Type           Power        Failure   Level
 Blink                    Tloc           N/A          13%         2
 Slow                     Hex            3%           22%         2
 Conjure Flame            Conj/Fire      7%           28%         3


Dungeon Overview and Level Annotations

Branches:
Dungeon (2/15)

Altars:

Annotations:
D:2 Natasha


Innate Abilities, Weirdness & Mutations

You cannot wear most types of armour.
You are very stealthy in the water. (Stealth+)
You are amphibious.
You can wear up to eight rings at the same time.
You can use your tentacles to constrict eight enemies at once.
Your skin changes colour to match your surroundings (Stealth+).
Your rubbery body absorbs attacks. (AC +1, EV +1)


Message History

You constrict the adder.
You kill the adder!
Natasha claws you!
* * * LOW HITPOINT WARNING * * *
You hit Natasha. You grab Natasha.
Natasha is moderately wounded.
You constrict Natasha.
Natasha hisses.
Natasha completely misses you.
You hit Natasha but do no damage.
Natasha is moderately wounded.
You constrict Natasha. Natasha misses you.
You hit Natasha.
Natasha is heavily wounded.
You constrict Natasha. Natasha claws you!
* * * LOW HITPOINT WARNING * * *
You barely miss Natasha.
Natasha is heavily wounded.
You constrict Natasha. Natasha claws you.
You die...

## .. # #.## .#
######..##.#
.S.........####
.h...........$.
#..######.#####
#......@†.....#
#.......h.....#
#.............#
#.............#
#.............#
#
#...........###
# ............#
####
............##
...#
..........(#


You could see Natasha.

Vanquished Creatures
  A bullfrog (D:1)
  An adder (D:2)
  An ooze (D:2)
  A worm (D:2)
  A dart slug (D:2)
  3 leopard geckos
  An orc (D:2)
  A ball python (D:2)
  3 giant cockroaches (D:1)
  6 goblins
  4 hobgoblins
  2 jackals (D:2)
  A quokka (D:2)
  5 bats
  A frilled lizard (D:1)
  8 kobolds
  4 rats
44 creatures vanquished.

Notes
Turn   | Place    | Note
-------+----------+-------------------------------------------
     0 | D:1      | thiole the Octopode Hedge Wizard began the quest for the
                  | Orb.
     0 | D:1      | Reached XP level 1. HP: 11/11 MP: 4/4
   208 | D:1      | Reached XP level 2. HP: 12/17 MP: 3/6
   958 | D:1      | Reached XP level 3. HP: 21/21 MP: 4/7
  1416 | D:2      | Noticed a bullfrog
  1425 | D:1      | Killed a bullfrog
  1426 | D:1      | Reached XP level 4. HP: 6/27 MP: 3/9
  1665 | D:2      | Learned a level 2 spell: Call Imp
  1669 | D:2      | Learned a level 3 spell: Mephitic Cloud
  2302 | D:2      | Reached XP level 5. HP: 31/31 MP: 6/10
  2353 | D:2      | Noticed Natasha
  2367 | D:2      | HP: 1/32 [Natasha (8)]
  2368 | D:2      | Slain by Natasha

Illustrated notes

Levels and vault maps discovered:
D:1:      dpeg_arrival_boxorama, layout_basic
D:2:      layout_basic, grunt_ministairs_12, uniq_natasha

Skill      XL: |  1  2  3  4  5 |
---------------+----------------+-----
Stealth        | 3 4 |  4.1
Conjurations   | 2 |  2.0
Summonings     | 2 |  2.0
Spellcasting   | 4 |  4.0
Fighting       | |  0.3
Dodging        | |  2.0
Translocations | |  1.3
Air Magic      | |  0.2

Action                   |  1- 3 |  4- 6 || total
-------------------------+-------+-------++-------
Melee: Dagger            |    23 |    36 ||    59
       Tentacles         |     8 |     5 ||    13
       Constrict         |     6 |    10 ||    16
 Cast: Magic Dart        |    51 |    41 ||    92
 Stab: Sleeping          |     1 |       ||     1
Armor: Skin              |     3 |     3 ||     6
Dodge: Dodged            |    10 |    22 ||    32
